 Dungeon Crawl Stone Soup version 0.20-a0-870-g4070442 (webtiles) character file.

235 4thArraOfDagon the Chopper (level 5, -6/47 HPs)
             Began as a Minotaur Chaos Knight on Mar 13, 2017.
             Mangled by Pikel
             ... wielding a +2 whip of freezing
              (8 damage)
             ... on level 6 of the Dungeon.
             The game lasted 00:03:45 (702 turns).

4thArraOfDagon the Chopper (Minotaur Chaos Knight)   Turns: 702, Time: 00:03:46

Health: -6/47      AC:  5    Str: 21    XL:     5   Next: 76%
Magic:  4/4        EV: 17    Int: 10    God:    Xom [..*...]
Gold:   24         SH:  0    Dex: 15    Spells: 2/4 levels left

rFire    . . .     SeeInvis .   a - +0 hand axe (chaos)
rCold    . . .     Gourm    .   j - +0 ring mail
rNeg     + . .     Faith    .   (no shield)
rPois    .         Spirit   .   (helmet restricted)
rElec    .         Reflect  .   (no cloak)
rCorr    .         Harm     .   (no gloves)
MR       .....                  (no boots)
Stlth    ++........             (no amulet)
Regen    0.2/turn               (no ring)
MPRegen  0.1/turn               g - ring of positive energy

@: mighty, agile
A: retaliatory headbutt, horns 2
a: Renounce Religion


You were on level 6 of the Dungeon.
You worshipped Xom.
You were a toy of Xom.
You were not hungry.

You visited 1 branch of the dungeon, and saw 6 of its levels.

You collected 24 gold pieces.

Inventory:

Hand Weapons
 a - a +0 hand axe of chaos (weapon)
Armour
 b - a +2 leather armour
 j - a +0 ring mail (worn)
Jewellery
 g - a ring of positive energy (left hand)
Scrolls
 d - 4 scrolls of identify {unknown}
 e - a scroll of recharging {unknown}
 h - 3 scrolls of teleportation {unknown}
 i - a scroll of remove curse {unknown}
 l - a scroll of noise {unknown}
Potions
 m - a potion of might
Comestibles
 c - a bread ration
 f - 5 royal jellies


   Skills:
 + Level 4.7 Fighting
 * Level 5.8 Axes
 + Level 3.8 Armour
 + Level 2.8 Dodging


You had 2 spell levels left.
You knew the following spells:

 Your Spells              Type           Power        Failure   Level  Hunger
a - Passwall              Tmut/Erth      #.........   86%         2    ###....


Dungeon Overview and Level Annotations

Branches:
Dungeon (6/15)
 Temple: D:4-7

Altars:
Ashenzari
Kikubaaqudgha

Shops:
D:6 =

Annotations:
D:6 Pikel


Innate Abilities, Weirdness & Mutations

You reflexively headbutt those who attack you in melee.
You have a pair of horns on your head.


Message History

Something hits you. Something freezes you.
Something says, "I'm a little confused."
There is a stone staircase leading up, spattered with blood here.
You see here an animal skin.
You barely miss something. Something hits you. Something freezes you.
You barely miss something. Something hits you but does no damage.
You hit something but do no damage.
Nothing appears to happen.
You headbutt something! Something hits you. Something freezes you.
Something hits you.
* * * LOW HITPOINT WARNING * * *
Something freezes you.
* * * LOW HITPOINT WARNING * * *
You miss something. Something hits you.
* * * LOW HITPOINT WARNING * * *
Something freezes you.
* * * LOW HITPOINT WARNING * * *
Unknown command.
Unknown command.
You miss something. Something hits you!
You die...

.≈≈#####≈≈≈≈≈≈≈≈≈≈≈≈...
.≈≈≈≈≈≈≈≈≈≈≈≈≈≈≈≈≈≈≈...
.≈≈≈≈≈≈≈≈≈≈≈≈≈≈≈≈≈≈≈...
.......................
######.#######.##.##.
#.##### #.# #.....# #<#
#####.# #.# #.# #@# #.#
#{# #.# #.# #.###.#####
######.##......#
..........#.###.#
#######.#.### #.# #.#.#
#.# ..#.# #.#


There were no monsters in sight!

Vanquished Creatures
  A slave (D:6)
  2 bullfrog zombies (D:6)
  2 hounds (D:4)
  An orc priest (D:6)
  An iguana (D:3)
  A gnoll (D:6)
  2 adders
  An ooze (D:3)
  A dart slug (D:2)
  6 orcs
  A giant cockroach (D:1)
  A goblin (D:3)
  A hobgoblin (D:1)
  2 jackals (D:6)
  A ball python (D:3)
  A bat (D:3)
  2 kobolds (D:3)
27 creatures vanquished.

Notes
Turn   | Place    | Note
-------+----------+-------------------------------------------
     0 | D:1      | 4thArraOfDagon the Minotaur Chaos Knight began the quest for the Orb.
     0 | D:1      | Reached XP level 1. HP: 19/19 MP: 0/0
    98 | D:2      | XOM: divination: detect items
   103 | D:3      | Reached skill level 4 in Axes
   103 | D:3      | Reached XP level 2. HP: 27/27 MP: 1/1
   121 | D:3      | Reached XP level 3. HP: 28/33 MP: 2/2
   184 | D:3      | XOM: divination: magic mapping
   212 | D:4      | XOM: repel stairs
   217 | D:4      | Reached XP level 4. HP: 15/40 MP: 3/3
   221 | D:4      | Reached skill level 5 in Axes
   226 | D:4      | XOM: stat loss: -1 Int (9/10)
   270 | D:4      | Found a shattered altar of Ashenzari.
   286 | D:4      | XOM: mild Tmut miscast
   294 | D:4      | XOM: harmless Hex miscast
   359 | D:5      | Entered Level 5 of the Dungeon
   456 | D:6      | Learned a level 2 spell: Passwall
   476 | D:6      | XOM: noise
   480 | D:6      | Reached XP level 5. HP: 32/47 MP: 4/4
   572 | D:6      | Found an ancient bone altar of Kikubaaqudgha.
   589 | D:6      | Found Deogotz's Jewellery Emporium.
   685 | D:5      | Noticed Pikel
   685 | D:5      | Noticed a slave
   685 | D:5      | Noticed a slave
   685 | D:5      | Noticed a slave
   685 | D:5      | Noticed a slave
   694 | D:6      | Killed a slave
   701 | D:6      | HP: 2/47 [something (2)]
   702 | D:6      | Mangled by Pikel

Vault maps used:
D:1:      mainiacjoe_arrival_reflecting_pool
D:2:      overflow_temple_1_default
D:3:      uniq_crazy_yiuf_cottage, uniq_iyjb
D:4:      grunt_temple_overflow_forces_of_nature, zin_academy,
          evilmike_ruin_ashenzari, doesnt_xom_only_xom
D:5:      overflow_temple_1_default, first_bread, uniq_pikel, uniq_duvessa
D:6:      lemuel_castle_with_subvaults, kennysheep_mini_moat, serial_shops, shop

Skill      XL: |  1  2  3  4 |
---------------+-------------+-----
Axes           | 4 5 |  5.8
Fighting       | 4 |  4.7
Armour         | 3 |  3.8
Dodging        | 2 |  2.8

Action                   |  1- 3 |  4- 6 || total
-------------------------+-------+-------++-------
Melee: Hand axe          |    37 |    54 ||    91
       Headbutt          |     7 |     9 ||    16
  Use: Potion            |       |     2 ||     2
Armor: Leather armour    |    18 |     3 ||    21
       Ring mail         |       |     8 ||     8
Dodge: Dodged            |    16 |    32 ||    48
